 Dungeon Crawl Stone Soup version 0.32-a0-699-g1ee5eff69a (webtiles) character file.

Game seed: 16703923954104927870

2 growler the Grave Robber (level 1, -1/13 HPs)
             Began as a Vampire Necromancer on Mar 13, 2024.
             Slain by a jackal (3 damage)
             ... on level 1 of the Dungeon.
             The game lasted 00:01:40 (122 turns).

growler the Grave Robber (Vampire Necromancer)       Turns: 122, Time: 00:01:41

Health: -1/13      AC:  2    Str:  7    XL:     1   Next: 33%
Magic:  2/3        EV: 11    Int: 17    God:
Gold:   21         SH:  0    Dex: 14    Spells: 3/4 levels left

rFire   . . .        f - +0 mace
rCold   . . .        (no shield)
rNeg    . . .        a - +0 robe
rPois   .            (no helmet)
rElec   .            (no cloak)
rCorr   .            (no gloves)
SInv    +            (no boots)
Will    .....        (no amulet)
Stlth   ++           (no ring)
HPRegen 0.42/turn    (no ring)
MPRegen 0.08/turn

%: no passive effects
@: healing quickly
A: alive, fangs 3, see invisible, vampiric 1
a: Exsanguinate


You were on level 1 of the Dungeon.
You visited 1 branch of the dungeon, and saw 1 of its levels.

You collected 21 gold pieces.

Inventory:

Hand Weapons
 f - a +0 mace (weapon)
Missiles
 e - 5 javelins (quivered)
Armour
 a - a +0 robe (worn)
Scrolls
 c - a scroll of identify {unknown}
Potions
 b - a potion of magic
 d - a potion of haste {unknown}


   Skills:
 + Level 2.2 Dodging
 + Level 3.1 Stealth
 + Level 2.0 Spellcasting
 + Level 4.4 Necromancy


You had 3 spell levels left.
You knew the following spells:

 Your Spells              Type           Power      Damage    Failure   Level
a - Necrotise             Necr           64%        1d7       3%          1

Your spell library contained the following spells:

 Spells                   Type           Power      Damage    Failure   Level
 Vampiric Draining        Necr           16%        2d7       10%         3
 Animate Dead             Necr           16%        N/A       30%         4
 Curse of Agony           Necr           16%        N/A       65%         5


Dungeon Overview and Level Annotations

Branches:
Dungeon (1/15)

Altars:


Innate Abilities, Weirdness & Mutations

Your natural rate of healing is accelerated.
You have razor-sharp teeth.
You have supernaturally acute eyesight. (SInv)
You are afflicted with vampirism.


Message History

The jackal bites you.
You closely miss the jackal.
The jackal is moderately wounded.
The jackal bites you.
* * * LOW HITPOINT WARNING * * *
Your jackal skeleton misses the jackal.
The jackal bites you but does no damage.
Your jackal skeleton bites the jackal but does no damage.
A hobgoblin comes into view.
The jackal attacks as it pursues you! The jackal misses you.
The jackal barely misses you.
You see here a javelin.
You barely miss the jackal.
The jackal is moderately wounded.
Your jackal skeleton barely misses the jackal.
The jackal closely misses you.
Your jackal skeleton bites the jackal but does no damage.
The jackal bites you.
* * * LOW HITPOINT WARNING * * *
You barely miss the jackal.
The jackal is moderately wounded.
The jackal barely misses you.
Your jackal skeleton misses the jackal.
The hobgoblin barely misses you. The jackal closely misses you.
Unknown command.
You hit the jackal.
The jackal is almost dead.
Your jackal skeleton completely misses the jackal.
The hobgoblin closely misses you. The jackal barely misses you.
Your jackal skeleton closely misses the jackal.
The hobgoblin hits you.
* * * LOW HITPOINT WARNING * * *
The jackal misses you.
Unknown command.
Welcome back, growler the Vampire Necromancer.
Press ? for a list of commands and other information.
You hit the jackal but do no damage.
The jackal is almost dead.
Your jackal skeleton barely misses the jackal.
The jackal bites you.
You die...

. .. ##..##.....#
#.#.. ...........#
.... #.........# ...
#.....# #.########
###.#.# #........#
#.#.#
#.#Z####.######.#.##
.. #h# #............
#. #@# ###..........
#....g.# #.####.....
##..#### #.####.#.#.
## ..........#
##.#####..#.
#..........
#######.... #....
####....


You could see a jackal (ally target), a hobgoblin and a friendly jackal
skeleton.

Vanquished Creatures
  2 jackals (D:1)
2 creatures vanquished.

Notes
Turn   | Place    | Note
-------+----------+-------------------------------------------
     0 | D:1      | growler the Vampire Necromancer began the quest for the
                  | Orb.
     0 | D:1      | Reached XP level 1. HP: 13/13 MP: 3/3
   122 | D:1      | Slain by a jackal

Illustrated notes

Levels and vault maps discovered:
D:1:      onia_arrival_mini_spirals, layout_loops_ring, serial_park_tiny_2

Action                     || total
---------------------------++-------
  Melee: Mace              ||     9
         Unarmed           ||     1
  Throw: Javelin           ||     1
   Cast: Necrotise         ||     2
 Armour: Robe              ||    11
  Dodge: Dodged            ||    17

Table legend: (Time is in decaauts)
 A = Elapsed time spent in this place.
 B = Non-inter-level travel time spent in this place.
 C = Inter-level travel time spent in this place.
 D = Time resting spent in this place.
 E = Time spent auto-exploring this place.
 F = Levels seen in this place.
 G = Mean time per level.
                   A        B        C        D        E       F      G
               +--------+--------+--------+--------+--------+-----+--------+
         Total |    125 |    125 |      0 |      0 |     94 |   1 |  125.0 |
       Dungeon |    125 |    125 |      0 |      0 |     94 |   1 |  125.0 |
               +--------+--------+--------+--------+--------+-----+--------+

Top non-repeatable levels by time:
     D:1: 125 daAuts
